 Dungeon Crawl Stone Soup version 0.25-a0-528-g6b7c99946c (webtiles) character file.

Game seed: 3944633279056467051, levelgen mode: classic

75513 EnegeticOcto the Severer (level 15, -7/145 HPs)
             Began as a Deep Dwarf Fighter on Feb 19, 2020.
             Was an Elder of Makhleb.
             Killed from afar by a nagaraja (30 damage)
             ... with a bolt of poison
             ... on level 4 of the Snake Pit.
             The game lasted 00:11:09 (9864 turns).

EnegeticOcto the Severer (Deep Dwarf Fighter)       Turns: 9864, Time: 00:11:10

Health: -7/145     AC: 21    Str: 26    XL:     15   Next: 9%
Magic:  8/8        EV:  8    Int:  9    God:    Makhleb [****..]
Gold:   683        SH: 17    Dex: 12    Spells: 14/14 levels left

rFire    + . .     SeeInvis .   a - +7 broad axe (elec)
rCold    + . .     Gourm    .   c - +0 kite shield
rNeg     + . .     Faith    .   G - +1 plate armour "Trusted Companion" {Regen+ Slay+3}
rPois    .         Spirit   .   (no helmet)
rElec    +         Reflect  +   H - scarf {rC+ rF+}
rCorr    .         Harm     .   F - +0 pair of gloves of Mutualism {rElec}
MR       ++...                  B - +2 pair of boots of Siddof {Regen+}
Stlth    ..........             l - +5 amulet of reflection
HPRegen  0.00/turn              (no ring)
MPRegen  0.11/turn              (no ring)

@: lethally poisoned (-7 -> -174), non-regenerating, constricted, studying
Armour
A: damage resistance, heal wounds, negative energy resistance 1, sense
surroundings 2, no regeneration
a: Heal Wounds, Minor Destruction, Lesser Servant of Makhleb, Major Destruction,
Renounce Religion


You were on level 4 of the Snake Pit.
You worshipped Makhleb.
Makhleb was greatly pleased with you.
You were not hungry.

You visited 4 branches of the dungeon, and saw 20 of its levels.
You also visited: Trove, Ossuary and Ice Cave.

You collected 683 gold pieces.

Inventory:

Hand Weapons
 a - a +7 broad axe of electrocution (weapon)
Missiles
 i - 6 throwing nets (quivered)
Armour
 c - a +0 kite shield (worn)
 B - the +2 pair of boots of Siddof (worn) {Regen+}
   (You found it in a treasure trove)

   It increases your rate of regeneration.
   If you remove this armour, your AC will decrease by 3 (21 -> 18).
 F - the +0 pair of gloves of Mutualism (worn) {rElec}
   (You found it in a treasure trove)

   It insulates you from electricity.
   If you remove this armour, your AC will decrease by 1 (21 -> 20).
 G - the +1 plate armour "Trusted Companion" (worn) {Regen+ Slay+3}
   (You found it in a treasure trove)

   It affects your accuracy and damage with ranged weapons and melee attacks
   (+3).
   It increases your rate of regeneration.
   If you remove this armour, your AC will decrease by 16 (21 -> 5).
 H - a scarf of resistance (worn)
 R - the +1 chain mail "Akhodutro" {rF++ rC+++ Str-4 Dex+2}
   (You acquired it in an ice cave)

   It affects your strength (-4).
   It affects your dexterity (+2).
   It greatly protects you from fire.
   It renders you almost immune to cold.
   If you switch to wearing this armour, your AC will decrease by 3 (21 -> 18).
Jewellery
 l - a +5 amulet of reflection (around neck)
Wands
 o - a wand of polymorph (21)
 y - a wand of flame (94)
 D - a wand of enslavement (3)
 J - a wand of iceblast (5)
Scrolls
 b - 3 scrolls of enchant armour
 f - a scroll of fog
 h - 8 scrolls of teleportation {@r2}
 m - a scroll of magic mapping {@r5}
 p - 3 scrolls of identify {@r1}
 q - 3 scrolls of immolation {@r4}
 t - 2 scrolls of remove curse {@r6}
 v - 4 scrolls of fear
 P - a scroll of silence
Potions
 g - 2 potions of flight
 j - 4 potions of stabbing {@q5}
 k - a potion of might {@q3}
 n - 2 potions of haste {@q4}
 r - a potion of cancellation
 w - 2 potions of invisibility
 x - 5 potions of lignification {@q7}
 A - a potion of mutation
 C - a potion of ambrosia
 N - a potion of degeneration
 Q - a potion of brilliance
Books
 S - a manual of Armour
Comestibles
 e - 32 rations


   Skills:
 * Level 12.2 Fighting
 * Level 16.3 Axes
 + Level 12.5 Armour
 + Level 10.1 Dodging
 + Level 10.7 Shields
 * Level 15.4 Invocations


You had 14 spell levels left.
You didn't know any spells.
Your spell library contained the following spells:

 Spells                   Type           Power        Failure   Level  Hunger
 Corona                   Hex            #......      99%         1    ##.....
 Infusion                 Chrm           #...         99%         1    ##.....
 Magic Dart               Conj           #...         99%         1    ##.....
 Blink                    Tloc           N/A          100%        2    ###....
 Call Imp                 Summ           #.......     100%        2    ###....
 Ensorcelled Hibernation  Hex/Ice        #.....       100%        2    ###....
 Shroud of Golubria       Chrm/Tloc      #.....       100%        2    ###....
 Slow                     Hex            #.......     100%        2    ###....
 Song of Slaying          Chrm           #.......     100%        2    ###....
 Confusing Touch          Hex            #.......     100%        3    ####...
 Conjure Flame            Conj/Fire      #.......     100%        3    ####...
 Dazzling Flash           Conj/Hex       #.....       100%        3    ####...
 Gell's Gravitas          Tloc           #.........   100%        3    ####...
 Mephitic Cloud           Conj/Pois/Air  #.......     100%        3    ####...
 Ozocubu's Armour         Chrm/Ice       #.......     100%        3    ####...
 Spectral Weapon          Hex/Chrm       #.......     100%        3    ####...
 Tukima's Dance           Hex            #.......     100%        3    ####...
 Petrify                  Tmut/Erth      #.......     100%        4    #####..
 Metabolic Englaciation   Hex/Ice        #.........   100%        5    ######.
 Yara's Violent Unravell  Hex/Tmut       #.........   100%        5    ######.


Dungeon Overview and Level Annotations

Branches:
Dungeon (11/15)            Temple (1/1) D:5            Lair (4/6) D:9
 Shoals (0/4) Lair:4        Snake (4/4) Lair:4          Orc (0/2) D:9
Ossuary (visited)           IceCv (visited)

Altars:
Ashenzari
Cheibriados
Fedhas
Gozag
Kikubaaqudgha
Makhleb
Nemelex Xobeh
Qazlal
Trog
Uskayaw
Vehumet
Xom
Yredelemnul
The Shining One
Lugonu

Shops:
D:4 }   D:8 (

Annotations:
D:10 2 transporters, Cycyc's ghost, novice DrCj
Lair:2 3 runed translucent doors, Irchumiyd's ghost, journeyman DEAE
Lair:3 exclusion: 2 oklob plants


Innate Abilities, Weirdness & Mutations

You are resistant to damage.
You can heal yourself by infusing magical energy.
You resist negative energy. (rN+)
You passively map the area around you.
You do not regenerate.


Message History

The guardian serpent casts a spell.
The nagaraja blinks!
The nagaraja gestures at you while chanting.
The bolt of poison hits you!!
You are more poisoned.
The nagaraja spits poison at you. The splash of poison hits you.
You are more poisoned.
You block the nagaraja's attack. The nagaraja constricts you.
All of the chunks of flesh in your inventory have rotted away.
You are too injured to fight recklessly!
You are too injured to fight recklessly!
You are too injured to fight recklessly!
You are too injured to fight recklessly!
You are too injured to fight recklessly!
You are too injured to fight recklessly!
You are too injured to fight recklessly!
You are too injured to fight recklessly!
You are too injured to fight recklessly!
You are too injured to fight recklessly!
You are too injured to fight recklessly!
You are too injured to fight recklessly!
You feel much better.
You feel extremely sick.
You block the guardian serpent's attack.
The nagaraja hits you but does no damage.
You block the nagaraja's attack.
The nagaraja gestures wildly while chanting.
The nagaraja seems to speed up.
The nagaraja constricts you.
The guardian serpent casts a spell at you.
The bolt of poison misses you. The nagaraja hits you with a +0 spear!
You feel much better.
You feel extremely sick. You block the nagaraja's attack.
The nagaraja constricts you. The guardian serpent barely misses you.
You block the nagaraja's attack. The nagaraja spits poison at you.
The splash of poison reflects off an invisible shield around you!
The splash of poison hits the nagaraja.
The nagaraja is poisoned.
You feel much better.
You feel extremely sick. The nagaraja spits poison at you.
The splash of poison hits you.
You are more poisoned.
The nagaraja constricts you.
The guardian serpent coils itself and waves its upper body at you.
The bolt of poison hits you!
You are more poisoned.
The nagaraja points at you and mumbles some strange words.
The poison arrow hits you!!!
You are more poisoned.
* * * LOW HITPOINT WARNING * * *
The nagaraja points at you and mumbles some strange words.
The lance of force hits you!
* * * LOW HITPOINT WARNING * * *
You are knocked back by the lance of force.
You slam into the rock wall!
* * * LOW HITPOINT WARNING * * *
The nagaraja completely misses you.
* * * LOW HITPOINT WARNING * * *
The nagaraja constricts you.
The guardian serpent closely misses you.
You block the nagaraja's attack.
You feel much better.
* * * LOW HITPOINT WARNING * * *
You feel extremely sick. You block the nagaraja's attack.
The nagaraja constricts you.
You block the guardian serpent's attack.
The nagaraja points at you and mumbles some strange words.
You resist with almost no effort. The nagaraja hits you!
* * * LOW HITPOINT WARNING * * *
You feel much better.
* * * LOW HITPOINT WARNING * * *
You feel extremely sick. The nagaraja spits poison at you.
The splash of poison hits you!
You are more poisoned.
* * * LOW HITPOINT WARNING * * *
The nagaraja constricts you.
You block the guardian serpent's attack.
The nagaraja hits you but does no damage.
The nagaraja spits poison at you. The splash of poison hits you!
You are more poisoned.
* * * LOW HITPOINT WARNING * * *
The nagaraja hits you with a +0 spear.
* * * LOW HITPOINT WARNING * * *
x2 The nagaraja constricts you.
You block the guardian serpent's attack.
The nagaraja casts a spell at you.
The lance of force reflects off an invisible shield around you!
The lance of force hits the nagaraja!!
You kill the nagaraja!
Makhleb accepts your kill.
You feel much better.
* * * LOW HITPOINT WARNING * * *
You feel extremely sick.
The nagaraja points at you and mumbles some strange words.
The bolt of poison hits you!!
You are more poisoned.
You die...

# *,,,, ,
......... #
* , ,,
*.........
# ,
##.......
###* ,
***####....
... , , *
### ###)#
####* , ,
##.... #%(%
....*,*
#......,, *
##)# .... ,
**
##)......


,SNN ...., , , , #@S...... , ,...N .... * , , * ,#NN...... ,##.NS .## *
##......., ##S# ##.. , ,, , *#...... ,* .NN .... , * ##....*** .NN ###., , , , ,
*#### * # ,, , *** * , ** **, , ** * **** You could see 2 nagarajas and a
guardian serpent.

Vanquished Creatures
  14 nagarajas
  6 naga warriors
  Fannar (Lair:2)
  4 hydras
  Harold (D:7)
  3 anacondas
  4 naga sharpshooters
  3 shock serpents
  A salamander mystic (Snake:2)
  4 naga ritualists
  Pikel (D:6)
  A necromancer (IceCv)
  3 mana vipers
  A manticore (D:11)
  2 ice statues (IceCv)
  Maurice (D:8)
  3 salamanders
  12 guardian serpents (Snake:4)
  Psyche (D:8)
  5 naga magi
  3 spiny frogs
  11 black mambas
  Maggie (D:8)
  2 ice devils (IceCv)
  A komodo dragon (Lair:2)
  A hornet (Lair:3)
  8 blink frogs
  5 hippogriffs
  2 dream sheep (D:8)
  4 wyverns
  40 yaks
  Sigmund (D:6)
  3 basilisks
  A steam dragon (D:11)
  26 nagas
  An acid dragon (D:11)
  7 porcupines
  Duvessa (D:6)
  8 water moccasins
  2 black bears (D:9)
  5 orc warriors
  3 sky beasts
  A hornet zombie (D:10)
  4 ice beasts
  3 phantoms
  A slave (D:6)
  2 necrophages
  7 ogres
  An eye of draining (D:11)
  A centaur (D:6)
  3 crocodiles
  6 big kobolds
  21 bullfrogs
  Dowan (D:6)
  3 scorpions
  A wyvern skeleton (D:9)
  A water moccasin skeleton (D:6)
  14 killer bees
  3 howler monkeys
  An electric eel (D:11)
  7 crimson imps
  3 bullfrog zombies
  2 hounds
  A human zombie (Ossuary)
  7 orc priests
  A bullfrog skeleton (D:11)
  3 centaur zombies
  Crazy Yiuf (D:6)
  2 jellies (D:6)
  5 orc wizards
  3 centaur skeletons
  4 iguanas
  A spriggan simulacrum (IceCv)
  13 worker ants
  A big kobold zombie (Ossuary)
  A hound zombie (D:11)
  2 mummies (Ossuary)
  2 worker ant zombies
  7 adders
  4 gnolls
  3 shadow imps
  12 white imps (D:11)
  2 adder skeletons
  2 adder zombies
  2 worms (D:4)
  A dart slug (D:4)
  5 leopard geckos
  40 orcs
  A ball python (D:2)
  4 giant cockroaches
  A goblin (D:2)
  A hobgoblin (D:2)
  13 jackals
  12 kobolds
  4 quokkas
  4 bats
  2 frilled lizards
  11 hobgoblin zombies (Ossuary)
  5 jackal zombies (Ossuary)
  6 kobold zombies (Ossuary)
  A leopard gecko skeleton (D:4)
  9 orc zombies (Ossuary)
  A quokka skeleton (D:5)
  A rat (D:3)
  2 rat zombies (Ossuary)
  A bush (Lair:3)
  5 fungi
  2 plants (D:9)
504 creatures vanquished.

Vanquished Creatures (collateral kills)
  Aizul (Snake:1)
  A hydra (Lair:4)
  A mana viper (Snake:4)
  2 black mambas
  A naga (Snake:4)
  A bush (Lair:4)
7 creatures vanquished.

Vanquished Creatures (others)
  A nagaraja (Snake:4)
  An orc wizard (D:9)
  A kobold (D:8)
  4 fungi (D:6)
  2 plants (Lair:3)
9 creatures vanquished.

Grand Total: 520 creatures vanquished

Notes
Turn   | Place    | Note
-------+----------+-------------------------------------------
     0 | D:1      | EnegeticOcto the Deep Dwarf Fighter began the quest for the
                  | Orb.
     0 | D:1      | Reached XP level 1. HP: 20/20 MP: 1/1
   185 | D:2      | Reached XP level 2. HP: 20/27 MP: 2/2
   193 | D:2      | Found a shimmering altar of Xom.
   340 | D:3      | Found a glowing golden altar of the Shining One.
   362 | D:3      | Reached XP level 3. HP: 22/34 MP: 3/3
   410 | D:4      | Reached skill level 1 in Dodging
   411 | D:4      | Reached skill level 3 in Axes
   528 | D:4      | Found a stormy altar of Qazlal.
   539 | D:4      | Reached XP level 4. HP: 28/42 MP: 4/4
   586 | D:4      | Noticed a phantom
   587 | D:4      | Found the +8 trident of the Octopus King {venom, rElec
                  | rPois MR+}
   616 | D:4      | Killed a phantom
   616 | D:4      | Reached XP level 5. HP: 43/50 MP: 5/5
   632 | D:4      | Found a sparkling altar of Nemelex Xobeh.
   660 | D:4      | Noticed an ogre
   664 | D:4      | Killed an ogre
   664 | D:4      | Reached skill level 4 in Axes
   664 | D:4      | Reached XP level 6. HP: 49/57 MP: 6/6
   786 | D:4      | Found Ogisch's Gadget Shop.
   857 | D:4      | Found a radiant altar of Vehumet.
  1090 | D:5      | Entered Level 5 of the Dungeon
  1098 | D:5      | Noticed an ice beast
  1101 | D:5      | Killed an ice beast
  1166 | D:5      | Reached XP level 7. HP: 52/66 MP: 7/7
  1193 | D:5      | Found a staircase to the Ecumenical Temple.
  1339 | Temple   | Entered the Ecumenical Temple
  1353 | Temple   | Became a worshipper of Makhleb the Destroyer
  1505 | D:5      | Reached skill level 5 in Axes
  1732 | D:6      | Found a sand-covered staircase.
  1740 | D:6      | Reached skill level 1 in Invocations
  1747 | D:6      | Noticed Dowan
  1750 | D:6      | Noticed Duvessa
  1750 | Ossuary  | Entered an ossuary
  1813 | Ossuary  | Reached * piety under Makhleb
  1992 | D:6      | Killed Duvessa
  1998 | D:6      | Killed Dowan
  1998 | D:6      | Reached ** piety under Makhleb
  1998 | D:6      | Reached skill level 5 in Fighting
  2069 | D:6      | Reached XP level 8. HP: 74/74 MP: 10/10
  2175 | D:6      | Noticed Pikel
  2176 | D:6      | Reached skill level 5 in Armour
  2191 | D:6      | Killed Pikel
  2191 | D:6      | Reached skill level 6 in Axes
  2191 | D:6      | Reached skill level 5 in Shields
  2252 | D:6      | Noticed Sigmund
  2261 | D:6      | Killed Sigmund
  2261 | D:6      | Reached skill level 5 in Invocations
  2547 | D:6      | Noticed a hippogriff
  2553 | D:6      | Killed a hippogriff
  2553 | D:6      | Gained mutation: You passively map the area around you.
                  | [Deep Dwarf growth]
  2553 | D:6      | Reached XP level 9. HP: 82/82 MP: 11/13
  2600 | D:6      | Reached skill level 7 in Axes
  2807 | D:6      | Found a runed translucent door.
  2808 | D:6      | Noticed Crazy Yiuf
  2814 | D:6      | Killed Crazy Yiuf
  2947 | D:7      | Noticed Harold
  2957 | D:7      | Killed Harold
  2957 | D:7      | Reached *** piety under Makhleb
  2957 | D:7      | Reached skill level 5 in Dodging
  3105 | D:7      | Reached skill level 8 in Axes
  3151 | D:7      | Reached XP level 10. HP: 94/94 MP: 15/15
  3425 | D:8      | Found an ancient bone altar of Kikubaaqudgha.
  3555 | D:8      | Found Nyocweoh's Weapon Emporium.
  3584 | D:8      | Noticed Maggie
  3594 | D:8      | Killed Maggie
  3603 | D:8      | Found an opulent altar of Gozag.
  3707 | D:8      | Noticed Psyche
  3743 | D:8      | Reached **** piety under Makhleb
  3782 | D:8      | Noticed a three-headed hydra
  3796 | D:8      | Killed a three-headed hydra
  3849 | D:8      | Reached skill level 9 in Axes
  3862 | D:8      | Found a bloodstained altar of Trog.
  3913 | D:8      | Noticed Maurice
  3931 | D:8      | Killed Maurice
  4087 | D:8      | Killed Psyche
  4258 | D:8      | Identified a scroll of acquirement
  4258 | D:8      | Identified the ring "Gyatisus" {rF- MR+ Dex+6} (You
                  | acquired it on level 8 of the Dungeon)
  4381 | D:9      | Noticed a four-headed hydra
  4407 | D:9      | Killed a 15-headed hydra
  4407 | D:9      | Reached XP level 11. HP: 82/103 MP: 14/16
  4604 | D:9      | Found a staircase to the Orcish Mines.
  4908 | D:9      | Reached skill level 10 in Invocations
  4976 | D:9      | Found a staircase to the Lair.
  5168 | D:9      | Found a snail-covered altar of Cheibriados.
  5169 | D:9      | Found a shattered altar of Ashenzari.
  5260 | D:10     | Entered Level 10 of the Dungeon
  5390 | D:10     | Reached ***** piety under Makhleb
  5545 | D:10     | Found a portal to a secret trove of treasure.
  5616 | Trove    | Entered a treasure trove
  5620 | Trove    | Found the +4 skin of Zhor {Englaciate rC+++ SInv}
  5621 | Trove    | Found the +0 pair of fencer's gloves {Riposte Dex+3}
  5624 | Trove    | Got a faintly glowing chain mail
  5627 | Trove    | Got a pitted plate armour
  5670 | Trove    | Identified the +1 plate armour "Trusted Companion" {Regen+
                  | Slay+3} (You found it in a treasure trove)
  5680 | Trove    | Identified the +0 chain mail of Brilliance {rPois Dex+3}
                  | (You found it in a treasure trove)
  5699 | Trove    | Got a pair of distressingly furry boots
  5705 | Trove    | Got a pair of shimmering gloves
  5716 | Trove    | Identified the +0 pair of gloves of Mutualism {rElec} (You
                  | found it in a treasure trove)
  5721 | Trove    | Identified the +2 pair of boots of Siddof {Regen+} (You
                  | found it in a treasure trove)
  5831 | D:10     | Found a transporter.
  5882 | D:10     | Noticed Cycyc's ghost (novice DrCj)
  5898 | D:10     | Found a transporter.
  6107 | D:11     | Reached skill level 10 in Axes
  6396 | D:11     | Found a frozen archway.
  6427 | IceCv    | Entered an ice cave
  6483 | IceCv    | Identified the +1 pair of gloves of Wasted Space {+Fly rC+
                  | MR+ Int+3} (You acquired it in an ice cave)
  6483 | IceCv    | Identified the ring "Ychuosaju" {rC+ MP+9 Str-3 Slay+2}
                  | (You acquired it in an ice cave)
  6536 | IceCv    | Noticed a necromancer
  6541 | IceCv    | Killed a necromancer
  6603 | IceCv    | Identified the +1 executioner's axe "Pendulum" {flame,
                  | rElec rF+ Str+4 Stlth+} (You acquired it in an ice cave)
  6604 | IceCv    | Identified the +1 chain mail "Akhodutro" {rF++ rC+++ Str-4
                  | Dex+2} (You acquired it in an ice cave)
  6604 | IceCv    | Identified the ring of Departure {+Blink MR+ Int+7} (You
                  | acquired it in an ice cave)
  6638 | D:11     | Noticed a five-headed hydra
  6644 | D:11     | Reached XP level 12. HP: 113/114 MP: 11/16
  6651 | D:11     | Killed a seven-headed hydra
  6794 | Lair:1   | Entered Level 1 of the Lair of Beasts
  6845 | Lair:1   | Reached skill level 11 in Axes
  6913 | Lair:2   | Noticed Fannar
  6920 | Lair:2   | Killed Fannar
  7220 | Lair:2   | Found a runed translucent gate.
  7220 | Lair:2   | Found a runed translucent gate.
  7220 | Lair:2   | Found a runed translucent gate.
  7277 | Lair:2   | Reached skill level 12 in Axes
  7330 | Lair:2   | Reached skill level 10 in Fighting
  7605 | Lair:2   | Noticed Irchumiyd's ghost (journeyman DEAE)
  7685 | Lair:3   | Noticed an eight-headed hydra
  7700 | Lair:3   | Killed a 16-headed hydra
  8087 | Lair:3   | Reached XP level 13. HP: 123/123 MP: 18/18
  8464 | Lair:4   | Found a staircase to the Snake Pit.
  8472 | Lair:4   | Found a staircase to the Shoals.
  8691 | Lair:4   | Reached skill level 13 in Axes
  8910 | Snake:1  | Entered Level 1 of the Snake Pit
  8922 | Snake:1  | Reached skill level 10 in Armour
  8945 | Snake:1  | Noticed Aizul
  8953 | Snake:1  | HP: 5/124 [Aizul (3)]
  8963 | Snake:1  | Killed Aizul
  9020 | Snake:3  | Noticed a nagaraja
  9051 | Snake:3  | Killed a nagaraja
  9185 | Snake:3  | Reached skill level 14 in Axes
  9236 | Snake:3  | Noticed a nagaraja
  9246 | Snake:3  | Killed a nagaraja
  9301 | Snake:4  | Entered Level 4 of the Snake Pit
  9357 | Snake:4  | Gained mutation: You resist negative energy. (rN+) [Deep
                  | Dwarf growth]
  9357 | Snake:4  | Reached XP level 14. HP: 113/135 MP: 13/13
  9509 | Snake:4  | Found a burning altar of Makhleb.
  9592 | Snake:4  | Noticed a nagaraja
  9603 | Snake:4  | Noticed a nagaraja
  9608 | Snake:4  | Noticed a nagaraja
  9610 | Snake:4  | Killed a nagaraja
  9610 | Snake:4  | Reached skill level 15 in Axes
  9610 | Snake:4  | Reached skill level 10 in Shields
  9613 | Snake:4  | Noticed a nagaraja
  9621 | Snake:4  | Killed a nagaraja
  9622 | Snake:4  | Noticed a nagaraja
  9623 | Snake:4  | Killed a nagaraja
  9623 | Snake:4  | Noticed a nagaraja
  9627 | Snake:4  | Killed a nagaraja
  9635 | Snake:4  | Killed a nagaraja
  9638 | Snake:4  | Noticed a nagaraja
  9640 | Snake:4  | Killed a nagaraja
  9643 | Snake:4  | Noticed a nagaraja
  9656 | Snake:4  | Killed a nagaraja
  9668 | Snake:4  | Reached skill level 16 in Axes
  9668 | Snake:4  | Reached skill level 15 in Invocations
  9680 | Snake:4  | Killed a nagaraja
  9702 | Snake:4  | Noticed a nagaraja
  9703 | Snake:4  | Noticed a nagaraja
  9703 | Snake:4  | Noticed a nagaraja
  9703 | Snake:4  | Noticed a nagaraja
  9705 | Snake:4  | Noticed a nagaraja
  9707 | Snake:4  | Noticed a nagaraja
  9708 | Snake:4  | Noticed a nagaraja
  9710 | Snake:4  | Killed a nagaraja
  9710 | Snake:4  | Reached skill level 10 in Dodging
  9714 | Snake:4  | Killed a nagaraja
  9715 | Snake:4  | Killed a nagaraja
  9715 | Snake:4  | Killed a nagaraja
  9839 | Snake:4  | Reached XP level 15. HP: 70/144 MP: 10/10
  9845 | Snake:4  | Noticed a nagaraja
  9849 | Snake:4  | Noticed a nagaraja
  9849 | Snake:4  | Noticed a nagaraja
  9861 | Snake:4  | HP: 7/144 [nagaraja/+0 spear (1)]
  9863 | Snake:4  | Killed a nagaraja
  9864 | Snake:4  | Killed from afar by a nagaraja

Levels and vault maps discovered:
D:1:      ncdulo_smallfort, layout_basic, serial_forest,
          infiniplex_forest_split, infiniplex_forest_corner_1,
          infiniplex_forest_clump_long, infiniplex_forest_straight_2,
          infiniplex_forest_clump_long
D:2:      layout_loops_cross, marbit_many_paths, uniq_jessica
D:3:      layout_basic, nicolae_overflow_quartered_altars, lemuel_crystal_altar,
          amethyst_overflow_temple_binary, serial_corexii_hall,
          chequers_hall_statues_wall_a, chequers_hall_statues_corner_a,
          st_stairs_13
D:4:      kennysheep_big_flooded_room, layout_rooms, lemuel_doored_altar,
          lemuel_coloured_pillars_altar, nicolae_overflow_hidden_temple,
          serial_shops, shop_fountains, kennysheep_small_square
D:5:      layout_basic, minmay_temple_entry_hall, first_ration
D:6:      minmay_chambers_of_threes, layout_loops_ring,
          nicolae_ossuary_entry_ruins, uniq_crazy_yiuf_cottage, uniq_sigmund,
          uniq_pikel, uniq_duvessa
D:7:      layout_rooms, uniq_harold
D:8:      layout_loops_ring, overflow_temple_1_default, lightli_temple_of_fire,
          grunt_gozag_breadcrumbs, serial_shops, shop_fountains, hangedman_ranch
          [blue_anna_fruit_fields], grunt_decor_cap, uniq_maggie, uniq_psyche,
          uniq_maurice
D:9:      layout_loops_corners, minitemple, grunt_lair_entry_orc_guard_hut,
          serial_glass, glass_columns_b, glass_columns_b, minmay_misc_feat_five,
          serial_park_tiny_2
D:10:     layout_basic, trove_entry_hex_spiral,
          gammafunk_ghost_berserking_beasts
D:11:     layout_basic, portal_ice_cave_entry_imps
Temple:   corrupted_temple
Lair:1:   layout_hall_layers, beast_lair_carwin_8, grunt_megastairs_3,
          infiniplex_staircase_pool_2, lemuel_fruit_fields
Lair:2:   layout_regular_city, gammafunk_ghost_necromancy, uniq_fannar
Lair:3:   layout_hall_layers, st_stairs_7, minmay_hedge_maze,
          infiniplex_staircase_pool, minmay_lair_oklob_chamber
Lair:4:   layout_cave_pods, shoals_dummy_entry, dummy_snake_entry
Snake:1:  layout_basic, lemuel_oklob_altar, serial_bayou_shore_a, uniq_aizul
Snake:2:  layout_honeycomb
Snake:3:  layout_gridlike
Snake:4:  snake_hunt, layout_cave_town, serial_shops, shop, basic_altar,
          grunt_ministairs_1

Skill      XL: |  1  2  3  4  5  6  7  8  9 10 11 12 13 14 |
---------------+-------------------------------------------+-----
Fighting       | 3 4 5 6 7 8 9 10 11 12 | 12.2
Dodging        | 1 2 3 4 5 6 7 8 9 10 | 10.1
Axes           | 3 4 5 6 8 9 10 12 14 16 | 16.3
Armour         | 4 5 6 7 8 9 11 12 | 12.5
Shields        | 4 5 6 7 8 9 10 | 10.7
Invocations    | 3 5 7 9 11 12 14 15 | 15.4

Action                   |  1- 3 |  4- 6 |  7- 9 | 10-12 | 13-15 || total
-------------------------+-------+-------+-------+-------+-------++-------
Melee: War axe           |   110 |    12 |       |       |       ||   122
       Trident           |       |    36 |   317 |   146 |       ||   499
       Broad axe         |       |       |       |   466 |   288 ||   754
Invok: Lesser Servant of |       |       |       |     2 |    13 ||    15
 Abil: Heal Wounds       |     1 |     1 |       |    14 |    47 ||    63
Evoke: Wand              |       |       |       |     9 |     1 ||    10
  Use: Scroll            |       |       |       |    25 |     7 ||    32
       Potion            |       |       |       |       |     8 ||     8
 Stab: Distracted        |       |       |       |       |     2 ||     2
  Eat: Chunk             |       |     1 |     7 |    17 |     2 ||    27
       Ration            |       |       |       |       |     2 ||     2
Armor: Scale mail        |    39 |     1 |       |       |       ||    40
       Plate armour      |       |     2 |   123 |   324 |   181 ||   630
       Skin              |       |       |       |     1 |       ||     1
       Chain mail        |       |       |       |    18 |       ||    18
Dodge: Dodged            |    43 |     6 |    56 |   194 |   125 ||   424
Block: Kite shield       |    79 |    28 |   231 |   521 |   334 ||  1193
       Reflection        |       |     1 |     2 |    14 |    38 ||    55
       Rpst.: Broad axe  |       |       |       |    20 |       ||    20

Table legend:
 A = Non-vault XP
 B = Vault XP
 C = Vault XP percentage of total XP
 D = Non-vault monster count
 E = Vault monster count
 F = Vault count percentage of total count
                 A         B        C        D         E       F
            +---------+---------+-------+---------+---------+-------
      Total |   62086 |   45791 |  42.4 |     361 |     142 |  28.2
            +---------+---------+-------+---------+---------+-------
        D:1 |       5 |       0 |   0.0 |       3 |       0 |   0.0
        D:2 |      11 |       2 |  15.4 |       6 |       1 |  14.3
        D:3 |      28 |       0 |   0.0 |       8 |       0 |   0.0
        D:4 |     408 |      62 |  13.2 |      22 |       2 |   8.3
        D:5 |     336 |       0 |   0.0 |      14 |       0 |   0.0
        D:6 |     759 |    1728 |  69.5 |      17 |      16 |  48.5
        D:7 |    1449 |     939 |  39.3 |      37 |       1 |   2.6
        D:8 |     880 |    3514 |  80.0 |      20 |      11 |  35.5
        D:9 |    3585 |     530 |  12.9 |      41 |       4 |   8.9
       D:10 |    1323 |       0 |   0.0 |      25 |       0 |   0.0
       D:11 |    4839 |     123 |   2.5 |      37 |      12 |  24.5
     Lair:1 |    1552 |     940 |  37.7 |       7 |       6 |  46.2
     Lair:2 |    8020 |     997 |  11.1 |      39 |       1 |   2.5
     Lair:3 |    3829 |     176 |   4.4 |      17 |       2 |  10.5
     Lair:4 |    2482 |       0 |   0.0 |       9 |       0 |   0.0
    Snake:1 |    4675 |    1227 |  20.8 |       7 |       1 |  12.5
    Snake:2 |    1672 |       0 |   0.0 |       3 |       0 |   0.0
    Snake:3 |   12991 |       0 |   0.0 |      23 |       0 |   0.0
    Snake:4 |   13242 |   33138 |  71.4 |      26 |      40 |  60.6
    Ossuary |       0 |     189 | 100.0 |       0 |      39 | 100.0
      IceCv |       0 |    2226 | 100.0 |       0 |       6 | 100.0
            +---------+---------+-------+---------+---------+-------
